 Dungeon Crawl Stone Soup version 0.15.1-3-g1b33baa (webtiles) character file.

31711 CrazyArbalest the Slingshot (level 13, -4/80 HPs)
             Began as a Halfling Fighter on Oct 9, 2014.
             Was the Champion of Makhleb.
             Killed from afar by a storm dragon (39 damage)
             ... with a bolt of lightning
             ... on Level 12 of the Dungeon.
             The game lasted 02:54:55 (22020 turns).

CrazyArbalest the Slingshot (Halfling Fighter)     Turns: 22020, Time: 02:54:55

HP  -4/80        AC 10     Str 16      XL: 13   Next: 98%
MP  17/17        EV 21     Int  7      God: Makhleb [******]
Gold 1003        SH  7     Dex 19      Spells:  0 memorised, 12 levels left

rFire  + . .     SeeInvis .     b - +2 hunting sling (velocity)
rCold  + + +     Clarity  .     e - +2 robe {rC+}
rNeg   . . .     rCorr    .     M - +0 buckler
rPois  .         rRot     .     s - +0 helmet
rElec  .         Spirit   .     t - +2 cloak {rC+}
SustAb .         Warding  .     L - +0 pair of gloves (curse)
rMut   +         Stasis   .     (no boots)
Gourm  .                        j - amulet of resist mutation
MR     .....                    w - ring "Breffos" {rF+ rC+}
                                y - +2 ring of evasion

@: not resistant to hostile enchantments, unstealthy
A: mutation resistance 1
a: Minor Destruction, Lesser Servant of Makhleb, Major Destruction, Greater
Servant of Makhleb, Renounce Religion


You were on level 12 of the Dungeon.
You worshipped Makhleb.
Makhleb was exalted by your worship.
You were very hungry.

You visited 2 branches of the dungeon, and saw 15 of its levels.
You also visited: Ice Cave.

You collected 1201 gold pieces.
You spent 198 gold pieces at shops.

Inventory:

Hand weapons
 a - a +0 cutlass
 b - a +2 hunting sling of velocity (weapon)
 c - a +2 hunting sling of flaming
 o - a +2 dagger of venom
Missiles
 k - 236 stones
 l - 22 sling bullets
 m - 66 steel sling bullets (quivered)
 n - 14 sling bullets of frost
Armour
 d - a +2 robe of magic resistance
 e - a +2 robe of cold resistance (worn)
 s - a +0 helmet (worn)
 t - a +2 cloak of cold resistance (worn)
 H - a +0 leather armour of fire resistance
 L - a cursed +0 pair of gloves (worn)
 M - a +0 buckler (worn)
Magical devices
 D - a wand of digging (8)
 N - a wand of teleportation (3)
 Y - a wand of fire (0)
Comestibles
 i - 5 meat rations
 K - a beef jerky
Scrolls
 f - 2 scrolls of fog
 g - a scroll of identify
 h - a scroll of amnesia
 p - 5 scrolls of teleportation
 v - a scroll of blinking
 F - 7 scrolls of remove curse
 G - a scroll of fear
 J - 2 scrolls of magic mapping
Jewellery
 j - an amulet of resist mutation (around neck)
 r - a +2 ring of protection
 w - the ring "Breffos" (right hand) {rF+ rC+}
   (You found it on level 4 of the Dungeon)

   [ring of protection from fire]

   It protects you from fire.
   It protects you from cold.
 y - a +2 ring of evasion (left hand)
 C - an uncursed ring of teleport control
 X - an uncursed amulet of stasis
 Z - an uncursed ring of flight
Potions
 q - 5 potions of curing
 z - 2 potions of haste
Books
 u - the Handbook of the Blaze and Dislocation
   (You found it on level 12 of the Dungeon)

   Spells                             Type                      Level
   Flame Tongue                       Conjuration/Fire             1
   Apportation                        Translocation                1
   Throw Flame                        Conjuration/Fire             2
   Inner Flame                        Hexes/Fire                   3
   Control Teleport                   Charms/Translocation         4
   Disjunction                        Translocation                8


   Skills:
 - Level 4.3 Fighting
 - Level 4.6 Short Blades
 * Level 24.7 Slings
 - Level 7.0 Armour
 - Level 5.7 Dodging
 - Level 1.5 Stealth
 - Level 5.9 Shields
 - Level 0.4 Invocations
 - Level 2.2 Evocations


You had 12 spell levels left.
You didn't know any spells.

Dungeon Overview and Level Annotations

Branches:
Dungeon (12/15)            Temple (0/1) D:4             Orc (0/4) D:12
   Lair (3/8) D:10
  Swamp: Lair:3-6    Shoals: Lair:3-6     Snake: Lair:3-6    Spider: Lair:3-6

Altars:
Ashenzari
Kikubaaqudgha
Makhleb
Okawaru
Qazlal
Zin

Shops:
D:4 !   D:11 %

Annotations:
D:4 Thrillho's ghost, average CeHu


Innate Abilities, Weirdness & Mutations

You are small and have problems with some larger weapons.
You are somewhat resistant to further mutation.


Message History

The steel sling bullet hits the storm dragon but does no damage.
The storm dragon is almost dead.
Firing (i - inventory. (,) - cycle):
m - 68 steel sling bullets (quivered)
Press: ? - help, Shift-Dir - straight line, f/p - storm dragon
Aim: a storm dragon (almost dead, catching its breath)
You shoot a steel sling bullet.
The steel sling bullet closely misses the storm dragon.
The steel sling bullet hits the centaur warrior!
The centaur warrior is moderately wounded.
You block the storm dragon's attack. The storm dragon claws you.
The storm dragon tramples you but does no damage.
Firing (i - inventory. (,) - cycle):
m - 67 steel sling bullets (quivered)
Press: ? - help, Shift-Dir - straight line, f/p - storm dragon
Aim: a storm dragon (almost dead, catching its breath)
You shoot a steel sling bullet.
The steel sling bullet hits the storm dragon.
The storm dragon is almost dead.
The storm dragon breathes lightning at you.
The bolt of lightning hits you!
You die...

##### #(....
#.((.. #..)..
#..(cW
#...D{#####
#D...# #.@..#
##+## #....#
#...##
#....####
#....##
#####)..#
#.....## #...#
#......##
#...###......'.
####..#......##
#.)#.....##
###.....##


You could see a storm dragon, a five-headed hydra, a centaur warrior and a
shadow.

Vanquished Creatures
  Fannar (Lair:1)
  The ghost of CrazyArbalest the Slingshot, a powerful HaFi of Makhleb (D:10)
  2 hydras
  An ogre mage (D:12)
  An unseen horror (D:11)
  An ice statue (IceCv)
  3 hill giants
  A silver statue (D:10)
  A necromancer (IceCv)
  4 ugly things
  A sixfirhy (D:10)
  4 elephants
  Maurice (D:9)
  A black mamba (Lair:2)
  3 spiny frogs
  A feature mimic (D:12)
  A gargoyle (D:10)
  2 komodo dragons
  A fire drake (Lair:1)
  A hydra zombie (D:12)
  10 freezing wraiths (IceCv)
  5 trolls
  A wolf spider simulacrum (IceCv)
  2 two-headed ogres
  Prince Ribbit (D:9)
  4 blink frogs (Lair:1)
  A basilisk (Lair:3)
  2 shadows (D:12)
  A fire elemental (Lair:2)
  A spriggan (Lair:2)
  3 hippogriffs (Lair:1)
  2 deep elf magi
  10 yaks
  2 fire bats (Lair:2)
  4 wolves (Lair:1)
  2 steam dragons (D:8)
  2 hungry ghosts
  A death yak simulacrum (IceCv)
  A warg (D:12)
  5 porcupines
  5 sky beasts
  7 orc warriors
  5 water moccasins
  28 ice beasts
  A yellow wasp (Lair:2)
  2 necrophages
  4 ogres
  6 crocodiles
  3 centaurs
  3 big kobolds
  A water moccasin zombie (D:5)
  6 giant frogs
  A cyclops skeleton (D:9)
  A killer bee (D:9)
  3 wights (D:7)
  3 scorpions
  An eye of draining (D:10)
  A hippogriff skeleton (D:7)
  An elephant simulacrum (IceCv)
  A troll skeleton (D:10)
  A yak skeleton (D:7)
  2 quasits
  7 goliath beetles
  2 crimson imps (D:9)
  2 hounds
  4 draconian simulacra (IceCv)
  2 giant frog skeletons
  6 jellies
  10 orc wizards
  A two-headed ogre zombie (D:7)
  10 orc priests
  5 iguanas
  A spriggan simulacrum (IceCv)
  5 worker ants
  8 sheep (Lair:2)
  4 troll simulacra (IceCv)
  A polar bear simulacrum (IceCv)
  Jessica (D:3)
  A big kobold zombie (D:8)
  2 centaur simulacra (IceCv)
  A mummy (D:11)
  2 ogre simulacra (IceCv)
  A worker ant zombie (D:5)
  13 gnolls
  14 green rats
  12 white imps (IceCv)
  24 adders
  7 naga simulacra (IceCv)
  3 shadow imps
  A giant mite (D:1)
  An ufetubus (D:10)
  An iguana zombie (D:8)
  An orc skeleton (D:8)
  4 giant geckos
  46 orcs
  10 bats
  12 hobgoblins
  11 jackals
  33 kobolds
  7 oozes
  4 quokkas
  A ball python (D:7)
  7 giant cockroaches
  5 giant newts
  A giant spore (D:8)
  3 goblins
  A kobold skeleton (D:6)
  14 rats
  2 ballistomycetes (D:8)
  A fungus (Lair:2)
  3 plants
496 creatures vanquished.

Vanquished Creatures (collateral kills)
  An ugly thing (D:11)
  A harpy (shapeshifter) (D:12)
2 creatures vanquished.

Vanquished Creatures (others)
  A kobold (D:8)
1 creature vanquished.

Grand Total: 499 creatures vanquished

Notes
Turn   | Place    | Note
--------------------------------------------------------------
     0 | D:1      | CrazyArbalest, the Halfling Fighter, began the quest for the Orb.
     0 | D:1      | Reached XP level 1. HP: 15/15 MP: 1/1
   306 | D:1      | Reached XP level 2. HP: 16/20 MP: 2/2
   797 | D:2      | Found a burning altar of Makhleb.
   802 | D:2      | Found a glowing silver altar of Zin.
   803 | D:2      | Noticed an angel
   803 | D:2      | Noticed an Executioner
   808 | D:2      | Became a worshipper of Makhleb the Destroyer
  1011 | D:2      | Reached XP level 3. HP: 24/26 MP: 3/3
  1093 | D:2      | Reached skill level 4 in Armour
  1093 | D:2      | Reached XP level 4. HP: 7/31 MP: 4/4
  1680 | D:3      | Reached skill level 1 in Dodging
  2083 | D:3      | Reached XP level 5. HP: 32/36 MP: 5/5
  2086 | D:3      | Found an iron altar of Okawaru.
  2188 | D:3      | Noticed Jessica
  2194 | D:3      | Killed Jessica
  2229 | D:3      | Found a stormy altar of Qazlal.
  2298 | D:3      | Found a shattered altar of Ashenzari.
  2471 | D:3      | Acquired Makhleb's first power
  3232 | D:4      | Noticed Thrillho's ghost (average CeHu)
  3467 | D:3      | Reached XP level 6. HP: 42/42 MP: 6/6
  3635 | D:4      | Got a shimmering bone ring
  3820 | D:4      | Found a staircase to the Ecumenical Temple.
  3855 | D:4      | Identified the ring "Breffos" {rF+ rC+} (You found it on level 4 of the Dungeon)
  3914 | D:4      | Found Pneem's Distillery.
  3919 | D:4      | Bought 2 potions of curing for 44 gold pieces
  3919 | D:4      | Bought a potion of curing for 22 gold pieces
  3919 | D:4      | Bought a potion of heal wounds for 33 gold pieces
  3919 | D:4      | Bought a potion of curing for 22 gold pieces
  3919 | D:4      | Bought a potion of haste for 77 gold pieces
  3929 | D:4      | Got a pitted leather armour
  4394 | D:4      | Noticed an ogre
  4408 | D:4      | Killed an ogre
  4408 | D:4      | Reached skill level 1 in Slings
  4506 | D:5      | Entered Level 5 of the Dungeon
  4518 | D:5      | Reached XP level 7. HP: 39/47 MP: 7/7
  4744 | D:5      | Noticed an ice beast
  4753 | D:5      | Killed an ice beast
  4753 | D:5      | Reached skill level 5 in Slings
  4753 | D:5      | Reached skill level 5 in Armour
  5164 | D:5      | Noticed a sky beast
  5170 | D:5      | Acquired Makhleb's second power
  5176 | D:5      | Killed a sky beast
  5176 | D:5      | Reached skill level 6 in Slings
  5176 | D:5      | Reached XP level 8. HP: 51/54 MP: 8/8
  5383 | D:6      | Reached skill level 7 in Slings
  5610 | D:6      | Reached skill level 8 in Slings
  6293 | D:7      | Reached skill level 9 in Slings
  6358 | D:7      | Acquired Makhleb's third power
  6516 | D:7      | Reached skill level 10 in Slings
  6544 | D:7      | Reached XP level 9. HP: 58/58 MP: 9/9
  7118 | D:7      | Reached skill level 11 in Slings
  7146 | D:7      | Reached skill level 5 in Shields
  7455 | D:7      | Reached skill level 12 in Slings
  7917 | D:8      | Identified the cursed -1 leather armour of the Locust {Dex+3} (You found it on level 4 of the Dungeon)
  8022 | D:8      | Acquired Makhleb's fourth power
  8262 | D:8      | Reached skill level 13 in Slings
  8441 | D:8      | Reached skill level 14 in Slings
  8468 | D:8      | Reached skill level 1 in Stealth
  8468 | D:8      | Reached XP level 10. HP: 36/63 MP: 10/10
  8836 | D:8      | Reached skill level 15 in Slings
  9011 | D:9      | Acquired Makhleb's fifth power
  9208 | D:9      | Found an ancient bone altar of Kikubaaqudgha.
  9675 | D:9      | Reached skill level 16 in Slings
  9770 | D:9      | Noticed Maurice
  9832 | D:9      | Killed Maurice
  9914 | D:9      | Noticed Prince Ribbit
  9928 | D:9      | Killed Prince Ribbit
 10086 | D:9      | Reached skill level 17 in Slings
 10395 | D:10     | Entered Level 10 of the Dungeon
 10401 | D:10     | Reached XP level 11. HP: 68/68 MP: 11/11
 10474 | D:10     | Noticed an elephant
 10474 | D:10     | Found a staircase to the Lair.
 10520 | D:10     | Killed an elephant
 10813 | D:10     | Reached skill level 18 in Slings
 11059 | D:10     | Noticed a silver statue
 12000 | D:10     | Killed a silver statue
 12000 | D:10     | Reached skill level 19 in Slings
 12066 | D:10     | Identified the Almanac of the Birds and Darkness (You found it on level 10 of the Dungeon)
 12145 | Lair:1   | Entered Level 1 of the Lair of Beasts
 12330 | Lair:1   | Noticed Fannar
 12350 | Lair:1   | Killed Fannar
 12536 | Lair:1   | Reached skill level 1 in Evocations
 12761 | Lair:1   | Reached skill level 20 in Slings
 12800 | Lair:1   | Noticed a seven-headed hydra
 12826 | Lair:1   | Killed a seven-headed hydra
 12826 | Lair:1   | Reached XP level 12. HP: 57/74 MP: 15/15
 13441 | Lair:2   | Noticed a fire dragon
 14298 | Lair:2   | Reached skill level 21 in Slings
 15169 | Lair:3   | Found a frozen archway.
 15256 | IceCv    | Entered an ice cave
 15645 | IceCv    | Reached skill level 5 in Dodging
 16314 | IceCv    | Identified a scroll of acquirement
 16375 | IceCv    | Reached skill level 22 in Slings
 16668 | IceCv    | Found an ancient bone altar of Kikubaaqudgha.
 16855 | IceCv    | Reached XP level 13. HP: 74/79 MP: 17/17
 17663 | Lair:3   | Noticed a five-headed hydra
 17673 | Lair:3   | Killed a five-headed hydra
 18042 | Lair:2   | Reached skill level 23 in Slings
 19075 | D:10     | Noticed CrazyArbalest's ghost (powerful HaFi)
 19159 | D:10     | Killed CrazyArbalest's ghost
 19847 | D:11     | HP: 1/79 [acid (6)]
 20286 | D:11     | Found Piadei's Food Emporium.
 20908 | D:12     | Reached skill level 24 in Slings
 21159 | D:12     | Found a staircase to the Orcish Mines.
 21392 | D:12     | Identified the Handbook of the Blaze and Dislocation
 21409 | D:12     | Found Tuitioco's Jewellery Shoppe.
 21410 | D:12     | Tuitioco's Jewellery Shoppe was a mimic.
 21598 | D:12     | HP: 2/80 [acid (8)]
 22001 | D:12     | Noticed a storm dragon
 22020 | D:12     | Killed from afar by a storm dragon

Action                   |  1- 3 |  4- 6 |  7- 9 | 10-12 | 13-15 || total
-------------------------+-------+-------+-------+-------+-------++-------
Melee: Cutlass           |    80 |   196 |       |       |    42 ||   318
       Dagger            |       |       |       |       |     6 ||     6
 Fire: Hunting sling     |       |    19 |   503 |  1383 |   674 ||  2579
Throw: Stone             |       |       |       |     1 |       ||     1
Invok: Lesser Servant of |       |       |       |       |     2 ||     2
Evoke: Wand              |       |     2 |       |    49 |     2 ||    53
  Use: Scroll            |       |     2 |     2 |    21 |     8 ||    33
       Potion            |       |       |     2 |     2 |     3 ||     7
 Stab: Confused          |       |     1 |       |       |       ||     1
  Eat: Chunk             |       |     9 |     8 |    10 |     7 ||    34
       Pizza             |       |     1 |     1 |     2 |       ||     4
       Beef jerky        |       |       |     1 |     1 |     1 ||     3
       Fruit             |       |       |       |     7 |       ||     7
       Meat ration       |       |       |       |     1 |     1 ||     2
